 Dungeon Crawl Stone Soup version 0.15.2 (webtiles) character file.

18 magipi the Chopper (level 2, -2/25 HPs)
             Began as a Hill Orc Gladiator on Apr 24, 2016.
             Succumbed to a kobold's poison
             ... on Level 1 of the Dungeon.
             The game lasted 00:02:39 (427 turns).

magipi the Chopper (Hill Orc Gladiator)              Turns: 427, Time: 00:02:40

HP  -2/25        AC  7     Str 17      XL: 2   Next: 70%
MP   2/2         EV  8     Int  8      God:
Gold 12          SH  0     Dex 11      Spells:  0 memorised,  1 level left

rFire  . . .     SeeInvis .     a - +0 war axe
rCold  . . .     Clarity  .     g - +0 scale mail
rNeg   . . .     rCorr    .     (no shield)
rPois  .         rRot     .     c - +0 helmet
rElec  .         Spirit   .     (no cloak)
SustAb .         Warding  .     (no gloves)
rMut   .         Stasis   .     (no boots)
Gourm  .                        (no amulet)
MR     .....                    (no ring)
                                (no ring)

@: lethally poisoned, not resistant to hostile enchantments, extremely
unstealthy
A: no striking features
a: no special abilities


You were on level 1 of the Dungeon.
You were not hungry.

You visited 1 branch of the dungeon, and saw 2 of its levels.

You collected 12 gold pieces.

Inventory:

Hand weapons
 a - a +0 war axe (weapon)
Missiles
 d - 3 throwing nets (quivered)
Armour
 c - a +0 helmet (worn)
 g - a +0 scale mail (worn)
Comestibles
 f - a meat ration
Scrolls
 e - a scroll of fog {unknown}
 h - a scroll of remove curse {unknown}
 i - a scroll of enchant weapon {unknown}
 j - a scroll of enchant armour {unknown}
Jewellery
 k - an uncursed ring of protection from cold {unknown}


   Skills:
 - Level 2.4 Fighting
 + Level 4.7 Axes
 + Level 2.5 Throwing
 - Level 2.4 Dodging


You had one spell level left.
You didn't know any spells.

Dungeon Overview and Level Annotations

Branches:
Dungeon (2/15)

Altars:

Annotations:
D:2 Jessica

Vault maps used:
D:1:      dpeg_arrival_solitude
D:2:      first_bread, st_stairs_3, uniq_jessica


Message History

Found 12 gold pieces.
A giant newt comes into view.
You see here 12 gold pieces.
You now have 12 gold pieces.
You miss the giant newt.
The giant newt bites you but does no damage.
You hit the giant newt.
You kill the giant newt!
Found a dagger.
Found a stone staircase leading down.
A rat comes into view.
Found a scroll labeled STRATE FOISM and 10 arrows.
You slash the rat!
You kill the rat!
A goblin comes into view. It is wielding a dagger.
You see here a rat corpse.
Your scale mail prevents you from hitting the goblin.
The goblin hits you with a dagger. The goblin hits you but does no damage.
You hit the goblin.
You kill the goblin!
Things that are here:
a dagger; a goblin corpse
j - a scroll labeled STRATE FOISM A giant cockroach comes into view.
The giant cockroach barely misses you. x2
You barely miss the giant cockroach.
The giant cockroach bites you but does no damage.
You slash the giant cockroach!
You kill the giant cockroach!
You see here a giant cockroach corpse.
There is a stone staircase leading down here.
You climb downwards.
An adder, a kobold and Jessica come into view.
Jessica shouts!
The kobold shouts!
Found four items.
There is a stone staircase leading up here.
You climb upwards.
There is a stone staircase leading down here.
You see here a bat corpse.
Found a stone staircase leading down.
Found a tubular jade ring.
Found 7 sling bullets of frost.
A rat comes into view.
The rat twitches its whiskers.
You see here a tubular jade ring.
k - a tubular jade ring Read which item? (? for menu, Esc to quit)
Okay, then.
You slash the rat!
You kill the rat!
You see here a rat corpse.
A hobgoblin comes into view.
The hobgoblin shouts!
The hobgoblin moves out of view.
A giant newt and a kobold come into view.
The kobold shouts!
You hit the hobgoblin but do no damage. The hobgoblin barely misses you.
You slash the hobgoblin!
You kill the hobgoblin!
The kobold hits you but does no damage.
You barely miss the kobold. The kobold hits you but does no damage.
You are poisoned.
You barely miss the kobold.
You feel sick. The kobold hits you but does no damage.
You are more poisoned.
You hit the kobold but do no damage.
You feel sick.
The kobold hits you with a dagger of venom.
You are lethally poisoned!
You closely miss the kobold.
You feel sick.
The kobold hits you but does no damage. x2
You hit the kobold.
The kobold is heavily wounded.
You feel sick. The kobold hits you but does no damage.
You are more poisoned.
You closely miss the kobold.
The kobold is heavily wounded.
You feel very sick. The kobold barely misses you.
You hit the kobold but do no damage.
The kobold is heavily wounded.
You feel sick. The kobold hits you but does no damage.
You are more poisoned.
You hit the kobold.
You kill the kobold!
* * * LOW HITPOINT WARNING * * *
You feel very sick.
The giant newt hisses menacingly.
Drink which item? (? for menu, Esc to quit)
You feel refreshed.
It was a potion of restore abilities.
* * * LOW HITPOINT WARNING * * *
You feel very sick. The giant newt closely misses you.
You barely miss the giant newt.
* * * LOW HITPOINT WARNING * * *
You feel sick.
The giant newt hisses menacingly.
The giant newt bites you.
* * * LOW HITPOINT WARNING * * *
The giant newt bites you but does no damage.
You closely miss the giant newt.
You die...

###### ....... .......
....... ####........
##### #.@l........
....####### #.##........
#.........# #.# ..#.###
#.........# #.# #.#+#
#.........# #%# .....
#.........# #.# .....#
.%........# #.# .....#
..........# #.###.....#
.##############........(#


You could see a giant newt.

Table legend:
 A = Kills in this place as a percentage of kills in entire the game.
 B = Kills by you in this place as a percentage of kills by you in the entire game.
 C = Kills by friends in this place as a percentage of kills by friends in the entire game.
 D = Other kills in this place as a percentage of other kills in the entire game.
 E = Experience gained in this place as a percentage of experience gained in the entire game.
 F = Experience gained in this place divided by the number of levels of this place that you have seen.
                   A       B       C       D       E      F
               +-------+-------+-------+-------+-------+----------------------
         Total | 100.0 | 100.0 |  -nan |  -nan | 100.0 |  13.5
       Dungeon | 100.0 | 100.0 |  -nan |  -nan | 100.0 |  13.5
               +-------+-------+-------+-------+-------+----------------------

Vanquished Creatures
  4 goblins (D:1)
  2 hobgoblins (D:1)
  4 kobolds (D:1)
  2 bats (D:1)
  2 giant cockroaches (D:1)
  2 giant newts (D:1)
  3 rats (D:1)
19 creatures vanquished.

Notes
Turn   | Place    | Note
--------------------------------------------------------------
     0 | D:1      | magipi, the Hill Orc Gladiator, began the quest for the Orb.
     0 | D:1      | Reached XP level 1. HP: 18/18 MP: 1/1
   218 | D:1      | Reached XP level 2. HP: 19/25 MP: 2/2
   351 | D:2      | Noticed Jessica
   426 | D:1      | HP: 1/25 [giant newt (1)]
   427 | D:1      | Succumbed to a kobold's poison

Action                   || total
-------------------------++-------
Melee: War axe           ||    59
  Use: Potion            ||     1

Action                   || total
-------------------------++-------
Melee: War axe           ||    59
  Use: Potion            ||     1

Action                   || total
-------------------------++-------
Melee: War axe           ||    59
  Use: Potion            ||     1
